 Dungeon Crawl Stone Soup version 0.21-a0-193-g085b6a0 (webtiles) character file.

65 tehllama the Insei (level 4, -12/28 HPs)
             Began as an Octopode Transmuter on Aug 14, 2017.
             Mangled by a gnoll
             ... wielding a +0 halberd
              (14 damage)
             ... on level 3 of the Dungeon.
             The game lasted 00:03:17 (1791 turns).

tehllama the Insei (Octopode Transmuter)            Turns: 1791, Time: 00:03:19

Health: -12/28     AC:  1    Str: 10    XL:     4   Next: 13%
Magic:  1/7        EV: 13    Int: 12    God:
Gold:   154        SH:  0    Dex: 12    Spells: 1/7 levels left

rFire    . . .     SeeInvis .     - Unarmed
rCold    . . .     Gourm    .   (no shield)
rNeg     . . .     Faith    .   (helmet restricted)
rPois    .         Spirit   .   (no amulet)
rElec    .         Reflect  .   h - -3 ring of intelligence (curse)
rCorr    .         Harm     .   (no ring)
MR       .....                  (no ring)
Stlth    +++.......             (no ring)
HPRegen  0.09/turn              (no ring)
MPRegen  0.10/turn              (no ring)
                                (no ring)
                                (no ring)

@: about to teleport, appendage (expiring), very slightly contaminated
A: almost no armour, stealthy swim, amphibious, 8 rings, constrict 8, tentacle
spike 3, camouflage 1, gelatinous body 1
a: End Transformation


You were on level 3 of the Dungeon.
You were not hungry.
One of your tentacles had a temporary spike.
You visited 1 branch of the dungeon, and saw 3 of its levels.

You collected 154 gold pieces.

Inventory:

Missiles
 a - 32 arrows
 l - 4 needles of sleeping
Jewellery
 h - a cursed -3 ring of intelligence (left tentacle)
Scrolls
 k - 2 scrolls of identify
Potions
 d - a potion of heal wounds
 e - a potion of magic
 g - a potion of curing
 i - 2 potions of haste
 j - a potion of brilliance {unknown}
Books
 b - a book of Changes

   Spells                             Type                      Level
   a - Beastly Appendage              Transmutation                1
   b - Sticks to Snakes               Transmutation                2
   c - Spider Form                    Transmutation/Poison         3
   d - Ice Form                       Ice/Transmutation            4
   e - Blade Hands                    Transmutation                5
Comestibles
 c - 3 bread rations
 m - a meat ration
 o - a royal jelly
 p - a chunk of flesh


   Skills:
 - Level 1.0 Fighting
 - Level 2.0 Dodging
 + Level 2.3 Stealth
 + Level 4.4 Unarmed Combat
 - Level 2.0 Spellcasting
 - Level 2.0 Transmutations


You had one spell level left.
You knew the following spells:

 Your Spells              Type           Power        Failure   Level  Hunger
a - Beastly Appendage     Tmut           #.....       12%         1    ##.....
b - Sticks to Snakes      Tmut           #.......     19%         2    ###....
c - Spider Form           Tmut/Pois      #.........   47%         3    ####...


Dungeon Overview and Level Annotations

Branches:
Dungeon (3/15)

Altars:
Okawaru
Wu Jian


Innate Abilities, Weirdness & Mutations

You cannot wear most types of armour.
You are very stealthy in the water. (Stealth+)
You are amphibious.
You can wear up to eight rings at the same time.
You can use your tentacles to constrict eight enemies at once.
Your skin changes colour to match your surroundings (Stealth+).
Your rubbery body absorbs attacks. (AC +1, EV +1)
One of your tentacles bears a large vicious spike.


Message History

Your vision is briefly tinged with green.
Your transformation is almost over.
You constrict the gnoll. The bat hits you. The bat closely misses you.
The gnoll hits you with a whip!
* * * LOW HITPOINT WARNING * * *
The gnoll closely misses you. The bat hits you.
* * * LOW HITPOINT WARNING * * *
The gnoll closely misses you.
As you read the scroll of fog, it crumbles to dust.
The scroll dissolves into smoke.
You constrict the gnoll. The bat hits you.
* * * LOW HITPOINT WARNING * * *
The gnoll misses you. The gnoll barely misses you. x2
As you read the scroll of teleportation, it crumbles to dust.
You feel strangely unstable.
You constrict the gnoll. The bat closely misses you.
The gnoll barely misses you. The bat barely misses you. The gnoll hits you.
* * * LOW HITPOINT WARNING * * *
The gnoll hits you from afar with a halberd!
Ouch! That really hurt!
You die...

#...#.......##..####.####
#....._......"# #.#
###.......#..## #.#
##.....###.### #.#
##...##.....###.#
##.####..#.#...#### #§.#
#.....#.##.... #§§#
#.###[..#..# ##@#
#.###.....####
#...gggbb..............
#...§§g§§.####.#.#.....
.....##.#### #...##....
##... .....####..#...###
#.. #.##....#....#### #.
#.. #....)...... #. #..
###....##### #<..#.#


You could see 4 gnolls and 2 bats.

Vanquished Creatures
  2 adders (D:2)
  3 dart slugs (D:1)
  2 leopard geckos
  A giant cockroach (D:2)
  3 goblins
  7 hobgoblins
  10 kobolds
  4 bats
  2 frilled lizards
  7 rats (D:1)
41 creatures vanquished.

Notes
Turn   | Place    | Note
-------+----------+-------------------------------------------
     0 | D:1      | tehllama the Octopode Transmuter began the quest for the Orb.
     0 | D:1      | Reached XP level 1. HP: 13/13 MP: 3/3
   363 | D:1      | Reached XP level 2. HP: 18/18 MP: 3/5
   688 | D:1      | Reached skill level 4 in Unarmed Combat
   695 | D:1      | Reached XP level 3. HP: 22/23 MP: 6/6
   930 | D:1      | Learned a level 2 spell: Sticks to Snakes
   934 | D:1      | Learned a level 3 spell: Spider Form
  1007 | D:2      | Reached skill level 1 in Stealth
  1237 | D:2      | Found an iron altar of Okawaru.
  1425 | D:2      | Reached XP level 4. HP: 24/28 MP: 5/7
  1739 | D:3      | Found an ornate altar of the Wu Jian Council.
  1791 | D:3      | Mangled by a gnoll

Vault maps used:
D:1:      ncdulo_lavacross, minmay_distorted
D:2:      okawaru_gym_becter, minmay_goblin_kobold_house
D:3:      lemuel_round_altar, minmay_three_crescents

Skill      XL: |  1  2  3 |
---------------+----------+-----
Unarmed Combat | 4 |  4.4
Stealth        | 2 |  2.3
Fighting       | |  1.0
Dodging        | |  2.0
Spellcasting   | |  2.0
Transmutations | |  2.0

Action                   |  1- 3 |  4- 6 || total
-------------------------+-------+-------++-------
Melee: Unarmed           |    63 |    14 ||    77
       Constrict         |    26 |     4 ||    30
       Kick              |    10 |     2 ||    12
       Tentacles         |     9 |     1 ||    10
       Punch             |     2 |       ||     2
 Cast: Beastly Appendage |    16 |     3 ||    19
  Use: Scroll            |    10 |     5 ||    15
 Stab: Sleeping          |     7 |       ||     7
  Eat: Chunk             |     2 |     1 ||     3
Armor: Skin              |     3 |     4 ||     7
Dodge: Dodged            |    41 |    25 ||    66
